 Dungeon Crawl Stone Soup version 0.29.1-1-gd02db6906a (webtiles) character file.

Game seed: 953128992773104600

698 LustLizard the Sneak (level 7, -1/35 HPs)
             Began as a Spriggan Arcane Marksman on Sept 23, 2022.
             Was an Initiate of Dithmenos.
             Shot with an arrow by a centaur (10 damage)
             ... on level 5 of the Dungeon.
             The game lasted 00:09:35 (5613 turns).

LustLizard the Sneak (Spriggan Arcane Marksman)     Turns: 5613, Time: 00:09:36

Health: -1/35      AC:  3    Str: 12    XL:     7   Next: 38%
Magic:  10/10      EV: 17    Int: 14    God:    Dithmenos [......]
Gold:   120        SH:  0    Dex: 18    Spells: 5/8 levels left

rFire   . . .      SeeInvis +   a - +1 sling
rCold   . . .      Faith    .   (no shield)
rNeg    . . .      Spirit   .   c - +0 robe
rPois   .          Reflect  .   (helmet restricted)
rElec   .          Harm     .   l - +0 cloak
rCorr   +          Rampage  .   (gloves unavailable)
Will    +....                   (boots unavailable)
Stlth   ++++......              (no amulet)
HPRegen 0.11/turn               n - ring of resist corrosion
MPRegen 0.12/turn               m - +6 ring of strength

@: studying Unarmed Combat, very quick
A: very small, no large weapons, unfitting armour, see invisible, speed 3
a: Renounce Religion


You were on level 5 of the Dungeon.
You worshipped Dithmenos.
Dithmenos was noncommittal.
You visited 2 branches of the dungeon, and saw 6 of its levels.

You collected 216 gold pieces.
You spent 96 gold pieces at shops.

Inventory:

Hand Weapons
 a - a +1 sling (weapon)
Armour
 c - a +0 robe (worn)
 l - a +0 cloak (worn)
Jewellery
 m - a +6 ring of strength (right hand)
 n - a ring of resist corrosion (left hand)
Wands
 t - a wand of flame (5)
 x - a wand of roots (8)
Scrolls
 b - a scroll of poison
 d - a scroll of fear {unknown}
 e - 2 scrolls of teleportation
 k - 4 scrolls of fog
 o - 2 scrolls of vulnerability {unknown}
 p - 3 scrolls of enchant weapon {unknown}
 r - a scroll of torment {unknown}
 v - a scroll of amnesia {unknown}
Potions
 f - 3 potions of heal wounds
 g - a potion of flight
 h - 4 potions of curing
 i - 5 potions of ambrosia
 j - a potion of attraction {unknown}
 q - a potion of magic {unknown}
 s - a potion of berserk rage {unknown}
 u - a potion of cancellation {unknown}
 w - a potion of brilliance {unknown}
 z - a potion of mutation {unknown}


   Skills:
 + Level 2.6 Fighting
 * Level 5.0 Ranged Weapons
 - Level 2.6 Dodging
 + Level 7.1 Stealth
 - Level 1.3 Spellcasting
 - Level 4.0 Hexes
 - Level 4.0 Translocations


You had 5 spell levels left.
You knew the following spells:

 Your Spells              Type           Power      Damage    Failure   Level
a - Slow                  Hex            48%        N/A       4%          1
b - Blink                 Tloc           24%        N/A       8%          2

Your spell library contained the following spells:

 Spells                   Type           Power      Damage    Failure   Level
 Lesser Beckoning         Tloc           12%        N/A       14%         3
 Portal Projectile        Hex/Tloc       24%        N/A       14%         3
 Freeze                   Ice            0%         1d3       26%         1
 Magic Dart               Conj           0%         1d3       26%         1
 Summon Small Mammal      Summ           0%         N/A       26%         1
 Inner Flame              Hex/Fire       6%         N/A       32%         3
 Summon Guardian Golem    Hex/Summ       6%         N/A       32%         3
 Call Imp                 Summ           0%         N/A       36%         2
 Scorch                   Fire           0%         2d5       36%         2
 Cause Fear               Hex            6%         N/A       43%         4
 Call Canine Familiar     Summ           0%         N/A       58%         3
 Frozen Ramparts          Ice            0%         1d1       58%         3
 Mephitic Cloud           Conj/Pois/Air  0%         N/A       58%         3
 Manifold Assault         Tloc           12%        N/A       80%         5
 Flame Wave               Conj/Fire      0%         2d4       94%         4
 Hailstorm                Conj/Ice       0%         3d3       94%         4
 Summon Cactus Giant      Summ           0%         N/A       100%        6


Dungeon Overview and Level Annotations

Branches:
Dungeon (5/15)             Temple (1/1) D:5

Altars:
Dithmenos
Fedhas
Gozag
Hepliaklqana
Makhleb
Okawaru
The Shining One

Shops:
D:4 !   D:5 :(

Annotations:
D:5 Sigmund


Innate Abilities, Weirdness & Mutations

You are very small and have problems with some larger weapons.
You are too small for most types of armour.
You have supernaturally acute eyesight. (SInv)
You cover ground extremely quickly. (Speed+++)


Message History

There is a stone staircase leading down here.
Things that are here:
a +0 robe; a +0 dagger
There is an open door, spattered with blood here.
You open the door.
There is an open door here.
Found a war axe.
Found a stone staircase leading up.
You see here a +0 war axe.
There is a stone staircase leading up here.
You open the door.
There is an open door here.
There is an open door here.
You see here a +0 war axe.
A centaur comes into view.
Found an escape hatch in the ceiling.
Okay, then.
You shoot a sling bullet. The sling bullet hits the centaur.
The centaur shouts!
The centaur is moderately wounded.
The centaur wields a +0 shortbow.
The centaur shoots an arrow.
The arrow hits you!
You shoot a sling bullet.
The sling bullet hits the centaur but does no damage.
The centaur is moderately wounded.
The centaur shoots an arrow.
The arrow hits you.
The centaur shoots an arrow.
The arrow closely misses you.
You shoot a sling bullet. The sling bullet hits the centaur!
The centaur is severely wounded.
The centaur shoots an arrow.
The arrow hits you!
The centaur shoots an arrow.
The arrow hits you.
* * * LOW HITPOINT WARNING * * *
You are too injured to fight recklessly!
Fire: a) +1 sling
Press: ? - help, Q - select action, (/) - cycle Shift-Dir - straight line, f/p - centaur
Aim: a centaur, wielding a +0 shortbow (severely wounded, 73% to hit)
You shoot a sling bullet.
The sling bullet barely misses the centaur.
The centaur shoots an arrow.
The arrow hits you!
You die...

#..####..##.....
######...............
.........####∩.##.###.
#######............##.
#..#####..#.###.
#..#####..#.###.
#.....##........
##########.#####..#.....
c......@..........#####.
#################.#####.
#....... #######. ##


You could see a centaur.

Vanquished Creatures
  An ice beast (D:3)
  A black bear (D:4)
  A necrophage (D:5)
  A scorpion (D:5)
  A vampire bat (D:3)
  3 iron imps (D:4)
  A jelly (D:5)
  Natasha (thrice) (D:2)
  An orc wizard (D:5)
  5 adders
  3 ufetubi (D:4)
  A worm (D:2)
  3 dart slugs
  4 orcs
  9 bats (D:3)
  4 endoplasms
  4 giant cockroaches
  6 goblins
  3 jackals (D:4)
  8 kobolds
  A quokka (D:2)
  6 ball pythons
  5 frilled lizards
  5 rats
80 creatures vanquished.

Vanquished Creatures (others)
  A plant (D:5)
1 creature vanquished.

Grand Total: 81 creatures vanquished

Notes
Turn   | Place    | Note
-------+----------+-------------------------------------------
     0 | D:1      | LustLizard the Spriggan Arcane Marksman began the quest for
                  | the Orb.
     0 | D:1      | Reached XP level 1. HP: 9/9 MP: 3/3
   121 | D:1      | Reached skill level 1 in Stealth
   176 | D:1      | Found a faded altar of an unknown god.
   234 | D:1      | Reached skill level 1 in Fighting
   234 | D:1      | Reached XP level 2. HP: 14/14 MP: 5/5
   681 | D:2      | Noticed Natasha
   737 | D:2      | Reached skill level 2 in Stealth
   998 | D:2      | Reached XP level 3. HP: 8/18 MP: 4/6
  1198 | D:2      | Learned a level 2 spell: Blink
  1669 | D:3      | Reached skill level 1 in Translocations
  1717 | D:3      | Reached skill level 3 in Stealth
  1795 | D:3      | Reached XP level 4. HP: 22/22 MP: 7/7
  1862 | D:3      | Noticed an ice beast
  1958 | D:3      | Killed an ice beast
  1959 | D:3      | Reached skill level 4 in Stealth
  1959 | D:3      | Reached XP level 5. HP: 26/26 MP: 8/8
  2293 | D:2      | Killed Natasha
  2361 | D:2      | Noticed Natasha
  2372 | D:2      | Killed Natasha
  2373 | D:2      | Reached XP level 6. HP: 11/30 MP: 9/9
  2632 | D:2      | Noticed Natasha
  2636 | D:2      | Killed Natasha
  2692 | D:4      | Found Sipto's Distillery.
  2696 | D:4      | Bought a potion of heal wounds for 60 gold pieces
  2696 | D:4      | Bought a potion of curing for 36 gold pieces
  2835 | D:4      | Reached skill level 5 in Stealth
  3121 | D:4      | Found a burning altar of Makhleb.
  3479 | D:4      | Found an opulent altar of Gozag.
  3770 | D:5      | Entered Level 5 of the Dungeon
  3853 | D:4      | Reached skill level 6 in Stealth
  4172 | D:5      | Reached XP level 7. HP: 35/35 MP: 10/10
  4475 | D:5      | Found Iczuda's Hydra Hut.
  4477 | D:5      | Noticed a six-headed hydra
  4624 | D:5      | Found Luplara's Book Boutique.
  4705 | D:5      | Found a hazy altar of Hepliaklqana.
  4885 | D:5      | Noticed Sigmund
  5165 | D:5      | Reached skill level 5 in Ranged Weapons
  5165 | D:5      | Reached skill level 7 in Stealth
  5317 | D:5      | Identified the +1 leather armour "Etuselul" {*Slow Regen+
                  | Int+5}
  5332 | D:5      | Found a staircase to the Ecumenical Temple.
  5343 | Temple   | Entered the Ecumenical Temple
  5367 | Temple   | Became a worshipper of Dithmenos the Shadowed
  5613 | D:5      | Shot with an arrow by a centaur

Illustrated notes

Levels and vault maps discovered:
D:1:      dpeg_arrival_solitude, layout_basic,
          shapermc_ecumenical_altar_flowoftime
D:2:      layout_loops_ring, uniq_natasha
D:3:      layout_rooms, roderic_batcave
D:4:      layout_basic, demons_altar, mainiacjoe_overflow_surrounded_room,
          serial_shops, nicolae_shop_crystal
D:5:      layout_basic, lemuel_doored_altar, minmay_temple_entry_overgrown,
          serial_shops, shop, doesnt_shop_hydraphobe, uniq_sigmund
Temple:   jpeg_temple_clearing

Skill      XL: |  1  2  3  4  5  6  7 |
---------------+----------------------+-----
Stealth        | 1 2 3 4 6 7 |  7.1
Fighting       | 1 2 |  2.6
Hexes          | 4 |  4.0
Translocations | 1 2 3 4 |  4.0
Ranged Weapons | 3 4 5 |  5.0
Dodging        | |  2.6
Spellcasting   | |  1.3

Action                   |  1- 3 |  4- 6 |  7- 9 || total
-------------------------+-------+-------+-------++-------
 Fire: Sling             |   119 |   186 |    65 ||   370
 Cast: Slow              |     1 |     8 |     2 ||    11
  Use: Scroll            |       |     4 |       ||     4
Armor: Robe              |     3 |    21 |     4 ||    28
Dodge: Dodged            |    45 |    99 |    19 ||   163
